[Event "Late-Titled-Tuesday-Blitz-January-23-2024"]
[Site "Chess.com"]
[Date "2024.01.23"]
[Round "2"]
[White "norwaytoadog"]
[Black "yobdc"]
[Result "0-1"]
[WhiteElo "2296"]
[BlackElo "2527"]
[TimeControl "180+1"]
[EndTime "14:17:50 PST"]
[Termination "yobdc won on time"]

1. e4 c6 2. d4 d5 3. e5 Bf5 4. Nf3 e6 5. Be2 Nd7 6. O-O Bg6 7. Nbd2 Nh6 8. a4 Nf5 9. Nb3 a6 10. a5 h5 11. Bd2 h4 12. h3 Qc7 13. Rc1 f6 14.
Re1 fxe5 15. Ng5 e4 16. Nxe6 Qd6 17. Nf4 Bf7 18. Bg4 Nh6 19. Bh5 g5 20. Bxf7+ Nxf7 21. Ne2 O-O-O 22. c4 Kb8 23. cxd5 cxd5 24. Nc5 Bg7 25.
Qb3 Nxc5 26. dxc5 Qc6 27. Bc3 Bxc3 28. Rxc3 d4 29. Nxd4 Rxd4 30. Qxf7 Rhd8 31. Rce3 Qxc5 32. Rxe4 Rxe4 33. Rxe4 Rd1+ 34. Kh2 Qd6+ 35. g3 hxg3+ 36. Kg2 Rd2 37. Re8+ Ka7 38. Qb3 Rxf2+ 39. Kg1 Qd4 0-1

[Event "Late-Titled-Tuesday-Blitz-January-23-2024"]
[Site "Chess.com"]
[Date "2024.01.23"]
[Round "2"]
[White "Felix-Rose"]
[Black "JoakimVonAnd"]
[Result "0-1"]
[WhiteElo "2326"]
[BlackElo "2630"]
[TimeControl "180+1"]
[EndTime "14:17:51 PST"]
[Termination "JoakimVonAnd won by checkmate"]

1. e4 g6 2. d4 Bg7 3. Nf3 a6 4.
Nc3 b5 5. Bd3 Bb7 6. O-O d6 7.
a4 b4 8. Ne2 Nd7 9. Ng3 c5 10.
c3 bxc3 11. bxc3 Ngf6 12. a5 O-O 13. h3 Qc7 14. Be3 Rab8 15. Qe2 Qc6 16. Rfb1 e6 17.
Rb2 d5 18. e5 Ne4 19. Bxe4 dxe4 20. Nd2 Ba8 21. Rxb8 Rxb8 22. Ndxe4 cxd4 23. cxd4 Rb5 24. f3 Bf8 25. Rc1 Qb7 26. Qd2 Bb4 27. Qd1 Rxa5 28. Rb1 Rb5 29. Rc1 a5 30. Kh2 Rb6 31. d5 exd5 32.
Bxb6 dxe4 33. Bc7 exf3 34. Qxd7 f2 35. Qd8+ Kg7 36. Qf6+ Kg8 37. Bd6 Qxg2# 0-1

[Event "Late-Titled-Tuesday-Blitz-January-23-2024"]
[Site "Chess.com"]
[Date "2024.01.23"]
[Round "2"]
[White "Nor1lsk"]
[Black "Hikaru"]
[Result "0-1"]
[WhiteElo "2698"]
[BlackElo "3304"]
[TimeControl "180+1"]
[EndTime "14:17:52 PST"]
[Termination "Hikaru won by resignation"]

1. e4 g6 2. g3 c5 3. Bg2 Bg7 4. d3 Nc6 5. f4 d6 6. Nf3 Nh6 7. h3 f5 8. O-O O-O 9. c3 Rb8 10. Na3 b5 11. Nc2 b4 12. c4 Nf7 13. Ne3 fxe4 14.
dxe4 Nd4 15. Nxd4 Bxd4 16. Kh2 e6 17. Qe2 a5 18. Rd1 Qe7 19. Rb1 a4 20. Nc2 Bg7 21. b3 axb3 22. axb3 Bb7 23. Bb2 Bxb2 24. Rxb2 g5 25. Ne3 gxf4 26. gxf4 Kh8 27. Rbd2 Qf6 28. Rf1 Qg7 29. Qh5 Rg8 30. Ng4 Rbf8 31. Ra2 Nd8 32.
e5 Bxg2 33. Rxg2 dxe5 34. Qxe5 Rf5 35. Qxg7+ Rxg7 36. Ne5 Nf7 37. Rxg7 Kxg7 38. Nxf7 Kxf7 39. Kg3 e5 40. Rf3 Ke6 41. h4 Rf8 42. Rf2 Rf7 43.
Rf3 e4 44. Rf1 Rg7+ 45. Kf2 Kf5 46. Ke2 Rg2+ 47. Kd1 e3 48. Ke1 Rb2 49. Rf3 Ke4 50.
Rg3 Kd3 51. Kf1 Rb1+ 52. Kg2 Kd2 53. Rg5 e2 54. Rd5+ Kc3 0-1

[Event "Late-Titled-Tuesday-Blitz-January-23-2024"]
[Site "Chess.com"]
[Date "2024.01.23"]
[Round "2"]
[White "ErikRonka"]
[Black "fks_stal_mielec"]
[Result "1-0"]
[WhiteElo "2488"]
[BlackElo "2219"]
[TimeControl "180+1"]
[EndTime "14:17:52 PST"]
[Termination "ErikRonka won by checkmate"]

1. e4 c5 2. a3 g6 3. b4 Bg7 4.
Nc3 cxb4 5. axb4 Nc6 6. Nf3 Nxb4 7. d4 Nc6 8. Bb2 e6 9. d5 Ne5 10. Nd4 Qb6 11. Na4 Qa5+ 12. Bc3 Qd8 13. f4 Ne7 14. fxe5 Bxe5 15. Nb5 Bxc3+ 16. Naxc3 O-O 17. d6 Nc6 18. Nc7 Rb8 19. Bb5 Qf6 20. Qd2 a6 21. Bxc6 bxc6 22. Rf1 Qh4+ 23. g3 Qg4 24. Ra5 f6 25. Qf4 Qxf4 26. gxf4 Rb4 27. Ra4 Rb2 28. Kd2 c5 29.
Rb1 Rxb1 30. Nxb1 Bb7 31. Nc3 Bc6 32. Rxa6 Rb8 33. Ra5 Rb4 34. e5 Rxf4 35. Rxc5 fxe5 36. Nxe6 Rd4+ 37. Nxd4 exd4 38. Rxc6 dxc3+ 39. Rxc3 Kf7 40. Re3 Kf6 41. Re7 Kf5 42. Rxh7 Kg5 43. Rxd7 Kh4 44. Re7 g5 45. d7 g4 46. d8=Q g3 47. Re4+ Kh3 48.
Qh4+ Kg2 49. Qxg3+ Kh1 50. Re1# 1-0

[Event "Late-Titled-Tuesday-Blitz-January-23-2024"]
[Site "Chess.com"]
[Date "2024.01.23"]
[Round "2"]
[White "Siemba"]
[Black "Dedic8"]
[Result "1/2-1/2"]
[WhiteElo "2553"]
[BlackElo "2796"]
[TimeControl "180+1"]
[EndTime "14:17:54 PST"]
[Termination "Game drawn by repetition"]

1. e4 e5 2. Nf3 Nc6 3. Bc4 Nf6 4. d3 Bc5 5. Nc3 a6 6. a4 d6 7.
O-O Be6 8. Bxe6 fxe6 9. Ne2 O-O 10. Ng3 Qe8 11. Be3 Bxe3 12. fxe3 Nh5 13. Nxh5 Qxh5 14. Qe1 Rf6 15. Qh4 Qg6 16. c3 Raf8 17. Nd2 a5 18. Rxf6 Rxf6 19. Rf1 Rxf1+ 20. Nxf1 d5 21. exd5 exd5 22. e4 d4 23. Nd2 dxc3 24. bxc3 Qd6 25.
Qh3 Qc5+ 26. Kf1 Qf8+ 27. Ke2 Qe8 28. Nc4 g6 29. Qe3 b6 30. d4 exd4 31. cxd4 Nb4 32. Qf4 Nd5 33. Qf3 Qxa4 34. Nd2 Ne7 35. d5 Qb5+ 36. Ke1 a4 37. Qf6 Qe8 38. Qe6+ Kf8 39. Qe5 Kg8 40. Qe6+ Kg7 41. Qe5+ Kg8 42. Qe6+ 1/2-1/2

[Event "Late-Titled-Tuesday-Blitz-January-23-2024"]
[Site "Chess.com"]
[Date "2024.01.23"]
[Round "2"]
[White "carloseduar100"]
[Black "ccccvhhhj"]
[Result "1-0"]
[WhiteElo "2308"]
[BlackElo "2505"]
[TimeControl "180+1"]
[EndTime "14:17:54 PST"]
[Termination "carloseduar100 won on time"]

1. d4 e5 2. dxe5 d6 3. exd6 Bxd6 4. Nf3 Nc6 5. g3 Bg4 6. Bg2 Qe7 7. O-O O-O-O 8. a3 Bxg3 9. Qe1 Bd6 10. b4 Nf6 11. c4 Ne5 12. c5 Nxf3+ 13. exf3 Be5 14.
fxg4 Qe6 15. Nc3 Nxg4 16. Bb2 Nxh2 17. Qe4 c6 18. Rfe1 f6 19. Na4 Ng4 20. Bxe5 Nxe5 21. f4 Qb3 22. fxe5 Qxa4 23. exf6 gxf6 24. Rad1 Rxd1 25. Qg4+ Kb8 26. Qxd1 Qxa3 27. Qd6+ Ka8 28. Qxf6 Rb8 29. Bxc6 Qg3+ 30. Kf1 Qd3+ 31. Kg1 Qg3+ 32.
Kf1 Qg8 33. Bf3 Rf8 34. Qe5 Rxf3+ 35. Ke2 Rf8 36. Kd2 Qa2+ 37. Kc1 Qa3+ 38. Kb1 Qxb4+ 39. Kc1 1-0

[Event "Late-Titled-Tuesday-Blitz-January-23-2024"]
[Site "Chess.com"]
[Date "2024.01.23"]
[Round "2"]
[White "FREZZY23"]
[Black "kai_nov"]
[Result "1-0"]
[WhiteElo "2518"]
[BlackElo "2289"]
[TimeControl "180+1"]
[EndTime "14:17:54 PST"]
[Termination "FREZZY23 won on time"]

1. Nf3 d5 2. g3 c5 3. Bg2 Nc6 4.
d4 cxd4 5. Nxd4 e6 6. O-O Bc5 7.
Nxc6 bxc6 8. c4 Nf6 9. Nc3 O-O 10.
Bg5 Be7 11. Rc1 h6 12. Bf4 Nh5 13. Bd2 Rb8 14. b3 Nf6 15. Bf4 Bd6 16. Bxd6 Qxd6 17. Qd3 d4 18. c5 Qxc5 19. Na4 Qe5 20. Rxc6 Bb7 21. Rc5 Qd6 22. Rd1 Bxg2 23. Kxg2 Rfd8 24. Qf3 e5 25. Qc6 e4 26. Qxd6 Rxd6 27. Rc4 Rbd8 28. Nc5 Rd5 29. f3 exf3+ 30. Kxf3 g6 31. Nd3 Kg7 32.
Nf4 Rf5 33. Kg2 g5 34. Nh3 Ng4 35. Rcxd4 Ne3+ 36. Kh1 Rxd4 37. Rxd4 Rf1+ 38. Ng1 Ra1 39. Rd3 1-0

[Event "Late-Titled-Tuesday-Blitz-January-23-2024"]
[Site "Chess.com"]
[Date "2024.01.23"]
[Round "2"]
[White "wild3000"]
[Black "PawnEatingZombie"]
[Result "1-0"]
[WhiteElo "2460"]
[BlackElo "2101"]
[TimeControl "180+1"]
[EndTime "14:17:56 PST"]
[Termination "wild3000 won on time"]

1. e4 e6 2. Nf3 d5 3. e5 Bd7 4.
a3 a5 5. d4 c5 6. c3 Nc6 7. Bd3 Qb6 8. dxc5 Bxc5 9. O-O Nge7 10. Nbd2 Ng6 11. b4 axb4 12. cxb4 Nxb4 13. axb4 Rxa1 14. bxc5 Qa7 15. Qc2 O-O 16. Bb2 Rxf1+ 17.
Nxf1 Rc8 18. Bd4 Qa3 19. Qb1 Bc6 20. h4 Nf8 21. h5 h6 22. Ne3 Nd7 23. Ng4 Nxc5 24.
Bh7+ Kf8 25. Qb6 Nd7 26. Qb2 Qxb2 27. Bxb2 Ra8 28. Bc3 Ra2 29. Bb4+ Ke8 30. Bd6 Nb6 31. Ne3 Nc4 32. Nd4 Nxe3 33. fxe3 Kd7 34. Bg8 Ke8 35. Bh7 Bd7 36. Nb3 b5 37. Nc5 Rb2 38. Bg8 Bc6 39. Na6 f6 40. Nc7+ Kd7 41. exf6 gxf6 42. Bf4 1-0

[Event "Late-Titled-Tuesday-Blitz-January-23-2024"]
[Site "Chess.com"]
[Date "2024.01.23"]
[Round "2"]
[White "dmitrijiIM"]
[Black "nindjaxx8"]
[Result "0-1"]
[WhiteElo "2915"]
[BlackElo "2606"]
[TimeControl "180+1"]
[EndTime "14:17:57 PST"]
[Termination "nindjaxx8 won by checkmate"]

1. Nf3 d5 2. e3 Nf6 3. c4 e6 4. b3 Be7 5. Bb2 O-O 6. Be2 b6 7.
Nc3 Bb7 8. g4 dxc4 9. bxc4 Ne4 10. Qc2 Nxc3 11. Bxc3 Nd7 12. d3 Bf6 13. Rg1 Qe7 14.
Bxf6 Qxf6 15. Nd4 c5 16. Nb3 a5 17. Rb1 Qe5 18. Rg3 Rad8 19. Nxa5 bxa5 20. Rxb7 Nf6 21. g5 Ne8 22. Qb2 Qf5 23. h4 Nd6 24. Rb6 Qg6 25. h5 Qf5 26. Qc3 e5 27. h6 g6 28. Qxa5 Nxc4 29. dxc4 Qc2 30. Kf1 Rd2 31. Qxc5 Rxe2 32.
Rf3 Qd1+ 33. Kg2 Re1 34. Qxe5 Rg1+ 35. Kh2 Rh1+ 36. Kg3 Qg1+ 37. Kf4 Rh4# 0-1

[Event "Late-Titled-Tuesday-Blitz-January-23-2024"]
[Site "Chess.com"]
[Date "2024.01.23"]
[Round "2"]
[White "Ze-Pequeno"]
[Black "greekplayer1"]
[Result "0-1"]
[WhiteElo "2185"]
[BlackElo "2706"]
[TimeControl "180+1"]
[EndTime "14:17:58 PST"]
[Termination "greekplayer1 won on time"]

1. e4 c5 2. Nf3 d6 3. d4 cxd4 4. Nxd4 Nf6 5. Nc3 a6 6. f4 e5 7.
Nf3 Nbd7 8. a4 Be7 9. Bd3 O-O 10. O-O b6 11. Kh1 Bb7 12. Qe1 Rc8 13. fxe5 Nxe5 14. Nd4 d5 15. Nf5 Nxd3 16. cxd3 dxe4 17. dxe4 Re8 18. Bg5 h6 19. Nxe7+ Qxe7 20. Bxf6 gxf6 21. Qh4 Kg7 22. Rae1 Rc5 23. Nd5 Qe5 24. Nxf6 Re6 25. Rf5 Rxf6 26. Rxe5 Rxe5 27. Qg3+ Rg5 28. Qc7 Bxe4 29.
h4 Bxg2+ 30. Kh2 Rg4 31. Rg1 Rfg6 32. Qc3+ Kh7 33. Qe1 h5 34. Qf2 Kg7 35. b3 a5 36.
Qe1 Be4 37. Rxg4 Rxg4 38. Qf2 f5 39. Qd4+ Kf7 40. Qxb6 Rxh4+ 41. Kg3 Rg4+ 42. Kf2 h4 43. Qc7+ Kg6 44. Qd6+ Kg5 45. Qe7+ Kf4 46. Qd6+ Kg5 47.
Qe7+ Kh5 48. Qf7+ Rg6 49. Qh7+ Kg5 50. Qe7+ Kg4 51. Qe5 Rc6 52. Qg7+ Kh3 53. Qg1 Rc2+ 54. Ke3 Rc3+ 55. Kf4 Rf3+ 56. Ke5 Rxb3 57. Qf1+ Kg4 58. Qd1+ Rf3 59. Qd8 h3 60. Qxa5 h2 61. Qe1 Rh3 62.
Qe2+ Bf3 63. Qc4+ Kg3 0-1

[Event "Late-Titled-Tuesday-Blitz-January-23-2024"]
[Site "Chess.com"]
[Date "2024.01.23"]
[Round "2"]
[White "IraZyne"]
[Black "StellarChess"]
[Result "0-1"]
[WhiteElo "2215"]
[BlackElo "2486"]
[TimeControl "180+1"]
[EndTime "14:18:00 PST"]
[Termination "StellarChess won by resignation"]

1. e4 a6 2. d4 c6 3. Nf3 d5 4.
Nc3 dxe4 5. Nxe4 Nf6 6. Bd3 Nxe4 7. Bxe4 Nd7 8. Be3 Nf6 9. Bd3 Bg4 10. c3 e6 11. h3 Bh5 12. O-O Qc7 13. Be2 Bd6 14.
Qd2 Bg6 15. Rfe1 Ne4 16. Qd1 O-O 17. Bf1 Rfd8 18. Rc1 c5 19. Qb3 b5 20. c4 b4 21. d5 exd5 22. cxd5 Qb6 23. Bc4 a5 24. a4 Rac8 25. Nd2 Nxd2 26. Bxd2 Re8 27. Be3 Qc7 28. Re2 h6 29. Rce1 Re7 30. Qd1 Rce8 31. b3 Bh5 32. g4 Bg6 33. Bd2 Bh2+ 34. Kf1 Bd6 35.
Rxe7 Rxe7 36. Rxe7 Qxe7 37. Qe2 Qf6 38. Kg2 Be5 39. Qe3 Bd4 40. Qe8+ Kh7 41. f4 Qh4 42.
Qe2 f5 43. Be1 Qf6 44. Qe6 fxg4 45. Qxf6 Bxf6 46. hxg4 Be4+ 47. Kg3 g6 48. Bf2 Be7 49. Be3 Bd6 50. Kf2 h5 51. gxh5 gxh5 52. Kg3 Kg6 53. Kh4 Be7+ 54. Kg3 h4+ 55. Kh2 Kf5 56.
Bd2 Kg4 57. Be2+ Bf3 58. Bf1 Bxd5 59. Be2+ Bf3 60. Bc4 Be4 61. Be2+ Kf5 62. Kh3 Kg6 63. Be1 Bf5+ 64. Bg4 Bf6 65. Bxh4 Bxh4 66. Kxh4 Bxg4 67. Kxg4 c4 68. f5+ Kf6 69. bxc4 b3 70. c5 b2 71. c6 b1=Q 72. c7 Qxf5+ 0-1

[Event "Late-Titled-Tuesday-Blitz-January-23-2024"]
[Site "Chess.com"]
[Date "2024.01.23"]
[Round "2"]
[White "LyonBeast"]
[Black "Goryachkina"]
[Result "1-0"]
[WhiteElo "3168"]
[BlackElo "2694"]
[TimeControl "180+1"]
[EndTime "14:18:02 PST"]
[Termination "LyonBeast won on time"]

1. e4 c5 2. Nf3 e6 3. d4 cxd4 4. Nxd4 Nc6 5. Bf4 d6 6. Nxc6 bxc6 7. Nd2 e5 8. Be3 h6 9. c4 Nf6 10. f3 Be7 11. Bd3 O-O 12. O-O d5 13. cxd5 cxd5 14.
Qe2 Bb7 15. Rac1 dxe4 16. Nxe4 Nxe4 17. Bxe4 Bxe4 18. fxe4 Bg5 19. Rfd1 Bxe3+ 20. Qxe3 Qa5 21. a3 Rac8 22. b4 Qa4 23. Kf2 a5 24. bxa5 Qxa5 25.
Rd5 Qa6 26. Rcd1 Rc2+ 27. R1d2 Rfc8 28. Rd3 Qa4 29. h3 Qa6 30. Kg3 Kh7 31. Qf3 Qg6+ 32. Kh2 Rxd2 33. Rxd2 Rc4 34. Re2 Ra4 35. Re3 f6 36. Qe2 Qg5 37. Rf3 Qg6 38. Re3 Qg5 39. g3 h5 40. h4 Qg4 41. Qxg4 hxg4 42. Kg2 Kg6 43. Kf2 f5 44. exf5+ Kxf5 45. Ke2 e4 46. Rb3 Ke5 47. Ke3 Kd5 48. Rb5+ Kc6 49. Re5 Rxa3+ 50. Kf4 Kd6 51. Rxe4 Kd5 52. Re5+ Kd6 53. Re1 Ra4+ 54. Re4 Ra3 55. Kxg4 Kd5 56. Re7 1-0

[Event "Late-Titled-Tuesday-Blitz-January-23-2024"]
[Site "Chess.com"]
[Date "2024.01.23"]
[Round "2"]
[White "Sebastian"]
[Black "RodokininEV"]
[Result "1-0"]
[WhiteElo "3006"]
[BlackElo "2606"]
[TimeControl "180+1"]
[EndTime "14:18:02 PST"]
[Termination "Sebastian won on time"]

1. e4 c5 2. Nf3 Nc6 3. d4 cxd4 4. Nxd4 Nf6 5. Nc3 e5 6. Ndb5 d6 7. Bg5 a6 8. Na3 b5 9. Nd5 Be7 10. Bxf6 Bxf6 11. c3 Bg5 12. Nc2 O-O 13. a4 bxa4 14.
Rxa4 a5 15. Bc4 Ne7 16. h4 Bh6 17. Ncb4 Be6 18. Nxe7+ Qxe7 19. Bd5 Bxd5 20. Nxd5 Qb7 21. b4 f5 22. exf5 Rxf5 23. bxa5 e4 24. c4 e3 25.
fxe3 Re8 26. Rf1 Rfe5 27. a6 Qa7 28. Rf3 Bxe3 29. Nxe3 Rxe3+ 30. Kf1 Qe7 31. Ra1 Qxh4 32. Qd5+ Kh8 33. Rxe3 Qh1+ 34. Ke2 Rxe3+ 35. Kxe3 Qh6+ 36. Kf2 Qf6+ 37. Kg3 h5 38. Rd1 Qg6+ 39. Kh2 Qg4 40. Qf3 Qh4+ 41. Kg1 Qxc4 42. a7 Qc5+ 43. Qf2 1-0

[Event "Late-Titled-Tuesday-Blitz-January-23-2024"]
[Site "Chess.com"]
[Date "2024.01.23"]
[Round "2"]
[White "GoltsevDmitry2000"]
[Black "StankovicIvan"]
[Result "1-0"]
[WhiteElo "2813"]
[BlackElo "2546"]
[TimeControl "180+1"]
[EndTime "14:18:03 PST"]
[Termination "GoltsevDmitry2000 won by resignation"]

1. e4 c5 2. Nf3 Nc6 3. d4 cxd4 4. Nxd4 g6 5. Nxc6 bxc6 6. Qd4 Nf6 7. e5 Nd5 8. Nc3 Qb6 9. Qxb6 axb6 10. Nxd5 cxd5 11. f4 Bg7 12. Bb5 f6 13. e6 Kd8 14. Be3 Rb8 15. O-O-O dxe6 16. c4 Bd7 17. Bxd7 Kxd7 18. cxd5 exd5 19.
Rxd5+ Ke6 20. Rb5 Rhc8+ 21. Kb1 Rc6 22. Rc1 Kd7 23. a4 Rxc1+ 24. Kxc1 Kc7 25. g4 e6 26. f5 gxf5 27. gxf5 e5 28. Kc2 Bf8 29. Kc3 Kc6 30. Kc4 Rb7 31. b4 Bd6 32. a5 bxa5 33. Rxb7 Kxb7 34.
bxa5 Ka6 35. Kd5 Bc7 36. Ke6 e4 37. h4 Be5 38. Bd2 h5 39. Kf7 e3 40. Bxe3 Kxa5 41. Kg6 Kb5 42. Kxh5 Kc4 43. Kg6 Kd3 44. Bc5 Ke4 45.
Be7 1-0

[Event "Late-Titled-Tuesday-Blitz-January-23-2024"]
[Site "Chess.com"]
[Date "2024.01.23"]
[Round "2"]
[White "deloewre"]
[Black "VitaliyChayka"]
[Result "0-1"]
[WhiteElo "1996"]
[BlackElo "2444"]
[TimeControl "180+1"]
[EndTime "14:18:03 PST"]
[Termination "VitaliyChayka won on time"]

1. d4 d6 2. c4 e5 3. Nf3 e4 4.
Ng5 f5 5. Nc3 Nf6 6. g3 h6 7.
Nh3 c6 8. Bg2 Be7 9. O-O O-O 10.
d5 c5 11. f3 exf3 12. exf3 Nbd7 13. f4 Ng4 14. Nf2 Ndf6 15. Nxg4 Nxg4 16. h3 Nf6 17.
Re1 a6 18. a4 Rb8 19. Be3 Bd7 20. a5 b6 21. axb6 Rxb6 22. Ra2 Re8 23. Bf2 Qb8 24. Qc2 Bf8 25. Rxe8 Bxe8 26. Qxf5 Rxb2 27. Rxb2 Qxb2 28. Ne4 Bf7 29. g4 Nxe4 30. Bxe4 g6 31. Qc8 a5 32. f5 Qf6 33. fxg6 Bxg6 34. Bxg6 Qxg6 35. Qa8 Qb1+ 36. Kh2 Qb4 37. Be3 Qb2+ 38. Kg3 Qe5+ 39. Bf4 Qc3+ 40. Kh4 Qf6+ 41. Kg3 Qc3+ 42. Kh4 Qe1+ 43.
Kh5 Qe7 0-1

[Event "Late-Titled-Tuesday-Blitz-January-23-2024"]
[Site "Chess.com"]
[Date "2024.01.23"]
[Round "2"]
[White "valeriocarnicelli"]
[Black "chessprincesa1"]
[Result "1-0"]
[WhiteElo "2531"]
[BlackElo "2300"]
[TimeControl "180+1"]
[EndTime "14:18:08 PST"]
[Termination "valeriocarnicelli won on time"]

1. e4 c5 2. Nf3 d6 3. d4 cxd4 4. Nxd4 Nf6 5. Nc3 a6 6. Be2 e5 7. Nf3 Be7 8. Bg5 O-O 9. Bxf6 Bxf6 10. a4 Be6 11. O-O Nc6 12. Nd5 Be7 13. c3 Rc8 14. Bc4 Kh8 15. Ba2 b5 16. axb5 axb5 17. b4 f5 18. exf5 Bxf5 19. Ne3 Bg6 20. Bd5 Bh5 21. Ra6 e4 22. Rxc6 Rxc6 23. Bxc6 exf3 24. Bxf3 Bxf3 25. gxf3 Bf6 26. Qd3 Be5 27. Ng4 Qg5 28. Kh1 Bf4 29.
Rg1 h5 30. Ne3 Qh4 31. Rg2 Be5 32. Nd5 Ra8 33. Qd1 Ra2 34. Qe1 Qc4 35. Ne7 Bxc3 36. Ng6+ Kh7 37. Nf8+ Kg8 38. Qe8 Ra1+ 39. Rg1 Rxg1+ 40.
Kxg1 Qf7 41. Qxb5 Qxf8 42. Qc4+ Kh8 43. Qxc3 Qe7 44. Qe3 1-0

[Event "Late-Titled-Tuesday-Blitz-January-23-2024"]
[Site "Chess.com"]
[Date "2024.01.23"]
[Round "2"]
[White "IlanSchnaider"]
[Black "semchik73"]
[Result "1-0"]
[WhiteElo "2755"]
[BlackElo "2407"]
[TimeControl "180+1"]
[EndTime "14:18:09 PST"]
[Termination "IlanSchnaider won by resignation"]

1. e4 Nf6 2. e5 Nd5 3. d4 d6 4. c4 Nb6 5. exd6 cxd6 6. Nf3 g6 7. Nc3 Bg7 8. Be3 O-O 9. b3 Nc6 10. Rc1 Bg4 11. Be2 e5 12. dxe5 dxe5 13. O-O Qxd1 14. Rfxd1 Rad8 15. Bxb6 axb6 16. Nd5 e4 17. Nd4 Nxd4 18. Bxg4 f5 19. Rxd4 Bxd4 20. Be2 b5 21.
Nc7 Rf6 22. cxb5 e3 23. f3 Bb2 24. Re1 Rd2 25. Bc4+ Kg7 26. Ne8+ Kf8 27. Nxf6 Bxf6 28. a4 f4 29. g3 g5 30. gxf4 gxf4 31. Re2 Rd1+ 32.
Kg2 Bc3 33. Kh3 Rg1 34. Rg2 Rxg2 35. Kxg2 Ke7 36. Kf1 Kf6 37. Ke2 Ke5 38. Kd3 Bb4 39. b6 Ba5 40. Bg8 h6 41. Bh7 Bxb6 42. Be4 Ba5 43. Bxb7 Kf5 44. Bc8+ Kg5 45. Bh3 Kh4 46. Bf1 Kg5 47. Kc4 Kh4 48. b4 Bc7 49. a5 e2 50.
Bxe2 Kh3 51. a6 Kxh2 52. a7 Kg3 53. a8=Q Kf2 54. Bd3 Kg3 55. Qg8+ Kf2 56. Qg4 Be5 57.
Kd5 Ke3 58. Kxe5 1-0

[Event "Late-Titled-Tuesday-Blitz-January-23-2024"]
[Site "Chess.com"]
[Date "2024.01.23"]
[Round "2"]
[White "XeresLt"]
[Black "SEBAZZANO"]
[Result "1-0"]
[WhiteElo "2481"]
[BlackElo "2209"]
[TimeControl "180+1"]
[EndTime "14:18:11 PST"]
[Termination "XeresLt won on time"]

1. e4 e6 2. d4 d5 3. Nc3 dxe4 4. Nxe4 Bd7 5. Bd3 Bc6 6. Nf3 Bxe4 7. Bxe4 c6 8. O-O Nf6 9. Bd3 Bd6 10. c3 Nbd7 11. Re1 O-O 12. Qe2 Qc7 13. h3 Rfe8 14. Ne5 Nf8 15.
Bg5 Be7 16. Rad1 Nd5 17. Bc1 Bf6 18. c4 Nb6 19. b3 Rad8 20. Bb1 c5 21. dxc5 Qxc5 22.
Rxd8 Rxd8 23. Ng4 Be7 24. Rd1 Rxd1+ 25. Qxd1 Qd6 26. Qc2 Nbd7 27. Be3 a6 28. Bc1 Nf6 29. Ne3 N6d7 30. Bb2 Bf6 31. Bc1 Bd8 32. a3 Bc7 33. g3 Bb6 34. b4 Bd4 35. c5 Qe5 36. Kg2 Nf6 37. Qd3 Bb2 38. f4 Qd4 39. Qxd4 Bxd4 40. Nc4 Nd5 41. Nd6 b6 42. c6 b5 43.
Be4 Nc7 44. Nb7 f6 45. Nc5 Bxc5 46. bxc5 Kf7 47. Kf3 Ke7 48. Bd2 e5 49. Ba5 Nfe6 50. Bxh7 1-0

[Event "Late-Titled-Tuesday-Blitz-January-23-2024"]
[Site "Chess.com"]
[Date "2024.01.23"]
[Round "2"]
[White "aghasiyevkamal"]
[Black "FabianoCaruana"]
[Result "0-1"]
[WhiteElo "2636"]
[BlackElo "3032"]
[TimeControl "180+1"]
[EndTime "14:18:15 PST"]
[Termination "FabianoCaruana won on time"]

1. e4 e6 2. d4 d5 3. exd5 exd5 4. Nf3 Nf6 5. Bd3 Bd6 6. O-O O-O 7. Bg5 Bg4 8. Nbd2 Nbd7 9. c3 c6 10. Qc2 Qc7 11.
h3 Bh5 12. Rae1 Bg6 13. Nh4 Rfe8 14. Nf5 Bf8 15. Bh4 Nh5 16. Nf3 c5 17. Ne3 Bxd3 18.
Qxd3 Nf4 19. Qd2 cxd4 20. Nxd4 Nc5 21. Bg3 Ne4 22. Nxd5 Nxd2 23. Nxc7 Nxf1 24. Rxe8 Rxe8 25. Nxe8 Nxg3 26. fxg3 Nd3 27. b3 Bc5 28. Kf1 Nc1 29. Ne2 Nxa2 30. Ke1 b5 31. b4 Bb6 32. Nd6 a5 33.
bxa5 Bxa5 34. Nxb5 Kf8 35. Kd1 Ke7 36. Kc2 Ke6 37. Kb3 Nxc3 38. Nbxc3 Ke5 39. Kc4 f5 40. Nd5 g5 41. g4 fxg4 42. hxg4 Ke4 43. Nf6+ Ke3 44.
Nd4 Kf4 45. Kd3 Kg3 46. Ne2+ Kxg2 47. Ke4 Kf2 48. Nd4 Bc3 49. Nxh7 Kg3 50. Nf6 Ba1 0-1

[Event "Late-Titled-Tuesday-Blitz-January-23-2024"]
[Site "Chess.com"]
[Date "2024.01.23"]
[Round "2"]
[White "Nouali_Mohamed"]
[Black "GMG"]
[Result "1-0"]
[WhiteElo "2558"]
[BlackElo "2775"]
[TimeControl "180+1"]
[EndTime "14:18:16 PST"]
[Termination "Nouali_Mohamed won on time"]

1. e4 c5 2. Nf3 e6 3. d4 cxd4 4.
Nxd4 Nc6 5. Nc3 Qc7 6. Be3 a6 7. Qf3 Nf6 8. O-O-O h5 9. h3 Ne5 10. Qg3 h4 11. Qh2 b5 12. Bxb5 axb5 13. Ndxb5 Qb8 14. Bf4 d6 15. Rd4 Bd7 16. a4 Ra6 17. Rhd1 Rh5 18.
f3 g5 19. Rxd6 Bxd6 20. Rxd6 gxf4 21. Rxa6 Nc6 22. Qg1 Kf8 23. b3 Kg7 24. Qf2 Qe5 25. Kb1 Rg5 26. Rb6 Ng8 27. Rb7 Be8 28. Qd2 Nge7 29.
Nd6 Kf8 30. Nc4 Qc5 31. Nb5 f6 32. Kb2 Bf7 33. Qd6 Qxd6 34. Nbxd6 Rxg2 35. b4 Nd4 36. Na3 Nec6 37. b5 Ne5 38. b6 Nexf3 39. Rb8+ Ke7 40.
Nxf7 Kxf7 41. b7 Nc6 42. Rc8 Nfe5 43. Rc7+ Kg6 44. Nb5 f3 45. Nd4 1-0

[Event "Late-Titled-Tuesday-Blitz-January-23-2024"]
[Site "Chess.com"]
[Date "2024.01.23"]
[Round "2"]
[White "SergioMoralesG"]
[Black "Jem"]
[Result "1-0"]
[WhiteElo "2465"]
[BlackElo "2149"]
[TimeControl "180+1"]
[EndTime "14:18:16 PST"]
[Termination "SergioMoralesG won on time"]

1. d4 Nf6 2. c4 g6 3. Nc3 Bg7 4. Nf3 d6 5. e4 O-O 6. Be2 e5 7.
Be3 Nc6 8. d5 Ne7 9. Nd2 Nd7 10.
b4 a5 11. a3 f5 12. f3 f4 13. Bf2 g5 14. c5 Ng6 15. cxd6 cxd6 16. Nb5 Nf6 17. Nc4 Ne8 18. Nb6 Bd7 19. Nxa8 Qxa8 20.
Nc7 Nxc7 21. O-O Nb5 22. Qd3 Nd4 23. Bxd4 exd4 24. Kh1 Ne5 25. Qd2 d3 26. Bxd3 Nxd3 27. Qxd3 Bxa1 28. Rxa1 axb4 29. h4 bxa3 30. hxg5 b5 31.
Rxa3 Qb7 32. Qd4 Ra8 33. Rxa8+ Qxa8 34. e5 Qa4 35. Qb6 Qa1+ 36. Kh2 Qxe5 37. Qd8+ Qe8 38. Qf6 b4 39. Qxd6 b3 40. Qb4 Qh5+ 41. Kg1 Qxg5 42. Qxb3 Kg7 43. Qb7 Qe7 44. Qc7 Qf7 45. Qe5+ Kg6 46.
d6 Qf5 47. Qe7 1-0

[Event "Late-Titled-Tuesday-Blitz-January-23-2024"]
[Site "Chess.com"]
[Date "2024.01.23"]
[Round "2"]
[White "Megagigahiper3345"]
[Black "BogdanDeac"]
[Result "0-1"]
[WhiteElo "2664"]
[BlackElo "3065"]
[TimeControl "180+1"]
[EndTime "14:18:18 PST"]
[Termination "BogdanDeac won by resignation"]

1. e4 c5 2. Nf3 e6 3. g3 d5 4.
d3 dxe4 5. dxe4 Qxd1+ 6. Kxd1 Nf6 7. Nbd2 b6 8. Bb5+ Nfd7 9. a4 a6 10. Bd3 Bb7 11. c3 Nf6 12. Kc2 Nbd7 13. Re1 Be7 14. h3 O-O-O 15. e5 Nd5 16. Ne4 h6 17. h4 Nb8 18.
Bf1 Nc6 19. Bd2 Rd7 20. h5 Rhd8 21. Rab1 Na5 22. b4 cxb4 23. cxb4 Rc7+ 24. Kd1 Nxb4 25. Nd6+ Bxd6 26. exd6 Bxf3+ 27. Be2 Bxe2+ 28. Rxe2 Rxd6 29. Rxb4 Nc4 30. Ke1 a5 31. Rb1 Nxd2 32. Rxd2 Rxd2 33. Kxd2 Kb7 34. Kd3 Rc5 35. g4 Kc6 36. f4 e5 37.
fxe5 Rxe5 38. Rc1+ Rc5 39. Rf1 Rg5 40. Rf4 f6 41. Kc4 b5+ 42. axb5+ Rxb5 43. Kc3 Rb4 44. Rf5 Kb6 45. Kd3 Rxg4 46. Kc3 Rg5 47. Rf2 Rxh5 48.
Re2 Re5 49. Rg2 Rg5 50. Re2 Rg4 51. Re6+ Kc5 52. Re8 a4 53. Re4 Rxe4 0-1

[Event "Late-Titled-Tuesday-Blitz-January-23-2024"]
[Site "Chess.com"]
[Date "2024.01.23"]
[Round "2"]
[White "Pawngobblerx2000"]
[Black "Mops_2004"]
[Result "0-1"]
[WhiteElo "2556"]
[BlackElo "2856"]
[TimeControl "180+1"]
[EndTime "14:18:18 PST"]
[Termination "Mops_2004 won on time"]

1. c4 e6 2. g3 d5 3. Bg2 Nf6 4. Nf3 Be7 5. O-O c6 6. d4 Ne4 7. b3 Nd7 8. Bf4 f5 9. Qc2 g5 10. Be3 h5 11. Nc3 h4 12. Ne5 Nxe5 13.
dxe5 hxg3 14. fxg3 Qc7 15. Nxe4 dxe4 16. Qc3 c5 17. a3 b6 18. b4 Bb7 19. bxc5 Bxc5 20. Bd4 g4 21. e3 Rc8 22. Rac1 Qh7 23. Kf2 Qe7 24. Bxc5 Rxc5 25. Kg1 Qc7 26. Rfd1 Qxe5 27. Rd4 Bc6 28. Rcd1 Kf7 29. Qd2 Kg6 30. Rd8 Rxc4 31. Rxh8 Qxh8 32. Qd6 Qf6 33. Qb8 Bd5 34. Qg8+ Kh6 35.
h3 gxh3 36. Bxh3 Rc2 37. Bg2 Qg7 38. Qd8 Rc7 39. Rf1 Rd7 40. Qb8 Qc3 41. Rf4 Qxe3+ 42. Kh2 Kg6 43. Rh4 Qg5 44. Qe8+ Rf7 45. Qg8+ Kf6 46.
Qd8+ Re7 47. Qf8+ Ke5 48. Qb8+ Kd4 49. Qc7 Rg7 0-1